[Event "*** Titled Tuesday 3|2 Blitz"]
[Site "Chess.com"]
[Date "2015.11.03"]
[Round "8"]
[White "manubibi"]
[Black "amaidel"]
[Result "1-0"]
[WhiteElo "2433"]
[BlackElo "2329"]
[TimeControl "180+2"]
[EndTime "12:39:54 PST"]
[Termination "manubibi won by resignation"]

1. e4 e5 2. Nf3 Nf6 3. Nxe5 d6 4. Nf3 Nxe4 5. d4 d5 6. Bd3 Nf6 7. O-O Be7 8. c4 O-O 9. Nc3 Bg4 10. h3 Bxf3 11.
Qxf3 Nc6 12. Be3 dxc4 13. Bxc4 Nxd4 14. Qxb7 c5 15. Nd5 Nxd5 16. Qxd5 Qb6 17. Rab1 Rad8 18. Qe4 Bf6 19. Rfd1 Rfe8 20. Qg4 g6 21. a3 h5 22. Qf4 Kg7 23. Qh6+ Kg8 24. Qxg6+ Bg7 25. Qxf7+ Kh8 26. Qxh5+ 1-0

[Event "*** Titled Tuesday 3|2 Blitz"]
[Site "Chess.com"]
[Date "2015.11.03"]
[Round "8"]
[White "xdb"]
[Black "jcgs1030"]
[Result "1-0"]
[WhiteElo "2083"]
[BlackElo "1997"]
[TimeControl "180+2"]
[EndTime "12:40:11 PST"]
[Termination "xdb won by resignation"]

1. d4 Nf6 2. Bf4 g6 3. e3 Bg7 4. Nf3 O-O 5. Be2 d5 6. O-O c5 7. c3 b6 8. Nbd2 Ba6 9. Bxa6 Nxa6 10. h3 Nd7 11. a4 Nc7 12. a5 Ne6 13. Bh2 bxa5 14.
Qa4 Nf6 15. Qxa5 Qb6 16. Rfb1 Rfc8 17. Ne5 cxd4 18. exd4 Ne4 19. Nxe4 dxe4 20. Qd5 f5 21. Nd7 Qc6 22. Qxc6 Rxc6 23. d5 1-0

[Event "*** Titled Tuesday 3|2 Blitz"]
[Site "Chess.com"]
[Date "2015.11.03"]
[Round "8"]
[White "kharposh"]
[Black "BIG_Pirate"]
[Result "1-0"]
[WhiteElo "2084"]
[BlackElo "2249"]
[TimeControl "180+2"]
[EndTime "12:41:07 PST"]
[Termination "kharposh won by resignation"]

1. e4 d5 2. exd5 Qxd5 3. Nc3 Qa5 4. d4 Nf6 5. Nf3 Bg4 6. h3 Bh5 7. g4 Bg6 8. Ne5 e6 9. Bg2 c6 10. Bd2 Qb6 11. Qe2 Qxd4 12. O-O-O Qb6 13. h4 Nbd7 14.
Nxd7 Nxd7 15. h5 Rg8 16. hxg6 hxg6 17. Bf4 O-O-O 18. Rd3 Nc5 19. Rxd8+ Qxd8 20. Rd1 Qa5 21. Qe5 1-0

[Event "*** Titled Tuesday 3|2 Blitz"]
[Site "Chess.com"]
[Date "2015.11.03"]
[Round "8"]
[White "GeorgMeier"]
[Black "Mugzyyy"]
[Result "1-0"]
[WhiteElo "2617"]
[BlackElo "2499"]
[TimeControl "180+2"]
[EndTime "12:41:31 PST"]
[Termination "GeorgMeier won by resignation"]

1. Nf3 d5 2. g3 g6 3. Bg2 Bg7 4. d4 Nh6 5. O-O Nf5 6. c3 c6 7. Nbd2 Nd6 8. a4 Nd7 9. a5 O-O 10. Re1 Nf6 11. Ne5 Bf5 12. a6 Qc7 13. axb7 Qxb7 14.
Nb3 Qc7 15. Ra6 Bd7 16. Nc5 Be8 17. Qa4 Nb5 18. Bf4 Qc8 19. Ra1 Nh5 20. Be3 Nf6 21. c4 dxc4 22. Nxc6 Bxc6 23. Rxc6 Qb8 24. Na6 Qb7 25.
Rxf6 1-0

[Event "*** Titled Tuesday 3|2 Blitz"]
[Site "Chess.com"]
[Date "2015.11.03"]
[Round "8"]
[White "Saitama_Hero"]
[Black "Frolyanov_D"]
[Result "0-1"]
[WhiteElo "2197"]
[BlackElo "2387"]
[TimeControl "180+2"]
[EndTime "12:41:42 PST"]
[Termination "Frolyanov_D won by resignation"]

1. d4 Nf6 2. c4 g6 3. Nc3 d5 4.
cxd5 Nxd5 5. Bd2 Bg7 6. e4 Nxc3 7. Bxc3 O-O 8. h4 h5 9. Qd2 Nc6 10. d5 Ne5 11. f4 Ng4 12. Bxg7 Kxg7 13. Be2 c6 14.
Bxg4 Bxg4 15. Qc3+ Kg8 16. dxc6 Qb6 17. Nf3 Rac8 18.
Ne5 Rfd8 19. Rc1 Rd4 20. Qe3 Rd1+ 0-1

[Event "*** Titled Tuesday 3|2 Blitz"]
[Site "Chess.com"]
[Date "2015.11.03"]
[Round "8"]
[White "Nutflush"]
[Black "WanderingPuppet"]
[Result "1/2-1/2"]
[WhiteElo "1887"]
[BlackElo "2176"]
[TimeControl "180+2"]
[EndTime "12:41:58 PST"]
[Termination "Game drawn by agreement"]

1. e4 c5 2. c3 d5 3. exd5 Nf6 4. Nf3 Nxd5 5. d4 cxd4 6. Bc4 Nc6 7. O-O Bg4 8. cxd4 e6 9. Nc3 Be7 10. Nxd5 exd5 11. Bb5 O-O 12. Be3 Bf6 13. Bxc6 bxc6 14. h3 Bh5 15. Rc1 Rb8 16. b3 Qa5 17. Rxc6 Qxa2 18.
Rxf6 gxf6 19. Bh6 Qxb3 20. Bxf8 Qxd1 21. Rxd1 Bxf3 22. gxf3 Kxf8 23. Ra1 Rb4 24. Rxa7 Rxd4 25. Ra6 Kg7 26. Rd6 Kg6 27. Kg2 h5 28. Kg3 h4+ 29. Kg2 Kf5 30. Rd8 Rd1 31. Rd7 Ke6 32. Rd8 d4 33. Rh8 d3 34. Rxh4 Ke5 35. Re4+ Kd5 36. Re7 d2 37. Rd7+ Kc4 38. h4 Kc3 39. Rc7+ Kb2 40. Rd7 Kc2 41. Rc7+ Kb3 42. Rd7 Kc3 43.
Rc7+ Kb2 1/2-1/2

[Event "*** Titled Tuesday 3|2 Blitz"]
[Site "Chess.com"]
[Date "2015.11.03"]
[Round "8"]
[White "Rickstereo"]
[Black "GregShahade"]
[Result "0-1"]
[WhiteElo "2089"]
[BlackElo "2307"]
[TimeControl "180+2"]
[EndTime "12:42:09 PST"]
[Termination "GregShahade won by resignation"]

1. c4 c5 2. Nc3 g6 3. Nf3 Bg7 4. e3 Nf6 5. d4 cxd4 6. exd4 O-O 7. d5 e6 8. Be2 exd5 9. cxd5 d6 10. O-O Bg4 11. Bf4 Re8 12. h3 Bxf3 13. Bxf3 Qb6 14. Qb3 Qxb3 15. axb3 Bf8 16. Nb5 Nbd7 17. Nc7 Ne5 18.
Bxe5 dxe5 19. Nxe8 Nxe8 20. g4 f6 21. Rfc1 Bd6 22. Rc4 Kf8 23. Rac1 Rd8 24. b4 a6 25.
Rc8 Rd7 26. Rb8 Bxb8 0-1

[Event "*** Titled Tuesday 3|2 Blitz"]
[Site "Chess.com"]
[Date "2015.11.03"]
[Round "8"]
[White "Boryboy"]
[Black "SenseiJulio"]
[Result "1-0"]
[WhiteElo "2475"]
[BlackElo "2560"]
[TimeControl "180+2"]
[EndTime "12:43:19 PST"]
[Termination "Boryboy won by resignation"]

1. d4 Nf6 2. Nf3 d5 3. c4 e6 4. g3 Be7 5. Bg2 O-O 6. O-O c6 7. Qc2 b6 8. Nbd2 Bb7 9. e4 Na6 10.
e5 Nd7 11. Re1 c5 12. cxd5 Bxd5 13. Ne4 cxd4 14. Neg5 g6 15. Qd3 Nb4 16. Qxd4 Bxf3 17. Bxf3 Nc2 18. Qh4 h5 19. Bf4 Nd4 20. Bxh5 gxh5 21.
Qxh5 Bxg5 22. Red1 Bxf4 23. Rxd4 Nf6 24. Qd1 Nd5 25. gxf4 Re8 26. f5 Kf8 27. f6 Nxf6 28. Rxd8 Raxd8 29. Qf3 Nd5 30. Qa3+ Kg7 31. Kh1 Re7 32.
Rg1+ Kf8 33. Qh3 Ke8 34. Qd3 Kd7 35. Qb5+ Kc7 36. Rc1+ Kb8 37. a4 Rh8 38. a5 Rb7 39.
a6 Re7 40. Rc6 Nf4 41. Qb4 Rd7 42. Qxf4 Rg8 43. Rd6 Rc7 44. Rd1 1-0

[Event "*** Titled Tuesday 3|2 Blitz"]
[Site "Chess.com"]
[Date "2015.11.03"]
[Round "8"]
[White "igorkovalenko"]
[Black "Zkid"]
[Result "0-1"]
[WhiteElo "2510"]
[BlackElo "2578"]
[TimeControl "180+2"]
[EndTime "12:43:26 PST"]
[Termination "Zkid won on time"]

1. d4 Nf6 2. Nf3 g6 3. e3 d5 4. Be2 Bg7 5. O-O O-O 6. Nbd2 Bf5 7. b4 a5 8. b5 c5 9. bxc6 Nxc6 10. c4 Nb4 11. a3 Bc2 12. Qe1 Nd3 13. Bxd3 Bxd3 14. Qd1 dxc4 15. Re1 Nd5 16. Nf1 b5 17. Ng3 b4 18. e4 Nc3 19. Qd2 Nb5 20. axb4 Nxd4 21.
Nxd4 Qxd4 22. Rxa5 Rxa5 23. bxa5 c3 24. Qg5 c2 25. e5 Rb8 26. h4 Rb1 27. h5 Qc3 28. Re2 Bxe2 29. Nxe2 Qe1+ 30. Kh2 Qxe2 31. h6 Qxe5+ 0-1

[Event "*** Titled Tuesday 3|2 Blitz"]
[Site "Chess.com"]
[Date "2015.11.03"]
[Round "8"]
[White "AnastasiaProtopopova"]
[Black "saraswathii"]
[Result "1-0"]
[WhiteElo "1813"]
[BlackElo "1866"]
[TimeControl "180+2"]
[EndTime "12:43:30 PST"]
[Termination "AnastasiaProtopopova won by resignation"]

1. Nf3 Nc6 2. d4 d5 3. c4 e6 4. Bg5 Bb4+ 5. Nc3 Nf6 6. e3 h6 7. Bf4 Ne4 8. Qc2 O-O 9. Bd3 f5 10. O-O g5 11. cxd5 exd5 12. Be5 g4 13. Ne1 Nxe5 14. dxe5 Nxc3 15. bxc3 Be7 16. c4 c6 17. cxd5 cxd5 18. f3 Qb6 19. Qe2 Bc5 20. Nc2 f4 21. fxg4 Bxe3+ 22. Kh1 d4 23. g5 hxg5 24. Qh5 Qc7 25.
Nxe3 dxe3 26. Qxg5+ Qg7 27. Qh4 Bf5 28. Bc4+ 1-0

[Event "*** Titled Tuesday 3|2 Blitz"]
[Site "Chess.com"]
[Date "2015.11.03"]
[Round "8"]
[White "ZEN-22"]
[Black "AndrewMcStone"]
[Result "0-1"]
[WhiteElo "2139"]
[BlackElo "2015"]
[TimeControl "180+2"]
[EndTime "12:43:43 PST"]
[Termination "AndrewMcStone won by checkmate"]

1. e3 g6 2. h4 h6 3. h5 g5 4.
f4 gxf4 5. d4 Nf6 6. Nc3 d5 7. Nf3 Bg4 8. exf4 Nc6 9. Bb5 Qd7 10.
Ne5 Bxd1 11. Nxd7 Kxd7 12. Kxd1 Rg8 13. Rh2 e6 14. Be3 Ng4 15. Rh3 Nxe3+ 16. Rxe3 Rxg2 17. Ne2 Bd6 18. Rc1 Rag8 19. c4 dxc4 20. Rxc4 Rh2 21. Rec3 Rgg2 22. Rxc6 bxc6 23. Bxc6+ Ke7 24. Bxg2 Rxg2 25.
f5 exf5 26. Re3+ Kf6 27. Nc3 f4 28. Re2 f3 29. Ke1 fxe2 30. Nxe2 Rg5 31. Nc3 Rxh5 32. Ne4+ Ke7 33. Ke2 Rh4 34. Kf3 Rxe4 35. Kxe4 h5 36. Kf3 h4 37. Kg4 Bg3 38. b3 Ke6 39. Kf3 Kd5 40. Ke3 h3 41. Kf3 h2 42. Kg2 Bd6 43.
a4 Kxd4 44. b4 Kc4 45. b5 Kb4 46. b6 cxb6 47. a5 bxa5 48. Kh1 a4 49. Kg2 a3 50.
Kf3 a2 51. Ke4 a1=Q 52. Kd5 Qe5+ 53. Kc6 Qc5+ 54. Kd7 Qc7+ 55. Ke8 Qe7# 0-1

[Event "*** Titled Tuesday 3|2 Blitz"]
[Site "Chess.com"]
[Date "2015.11.03"]
[Round "8"]
[White "jcibarra"]
[Black "FairChess_on_YouTube"]
[Result "0-1"]
[WhiteElo "2529"]
[BlackElo "2703"]
[TimeControl "180+2"]
[EndTime "12:43:46 PST"]
[Termination "FairChess_on_YouTube won by resignation"]

1. e4 c5 2. b3 g6 3. Bb2 Nf6 4.
Nc3 Bg7 5. Qe2 Nc6 6. Nf3 O-O 7.
g3 d5 8. exd5 Nd4 9. Nxd4 cxd4 10. Nb5 Qxd5 11. Rg1 Bg4 12. Qd3 Nd7 13. Bg2 Qh5 14. h3 Ne5 15. Qe4 Nf3+ 16. Bxf3 Bxf3 17. Qd3 e5 18. Nd6 e4 19. Qb5 Qxh3 20. Qf1 Qe6 21. Nb5 Rad8 22. Qc4 Qe5 23. Nxa7 Qa5 24. Nb5 e3 25.
fxe3 dxe3 26. b4 exd2+ 27. Kf2 Qb6+ 28. Kxf3 Bxb2 29. Rad1 Rfe8 30. Rg2 Qe3+ 31. Kg4 Re4+ 32. Qxe4 Qxe4+ 33. Kh3 h5 34. a4 Qg4+ 0-1

[Event "*** Titled Tuesday 3|2 Blitz"]
[Site "Chess.com"]
[Date "2015.11.03"]
[Round "8"]
[White "Baggio95"]
[Black "Malev212"]
[Result "0-1"]
[WhiteElo "2373"]
[BlackElo "2253"]
[TimeControl "180+2"]
[EndTime "12:43:54 PST"]
[Termination "Malev212 won by resignation"]

1. e4 c5 2. Nf3 a6 3. Be2 e6 4. d4 cxd4 5. Nxd4 Nf6 6. Nc3 d6 7. O-O Be7 8. Be3 Qc7 9. f4 b5 10. Bf3 Bb7 11. e5 dxe5 12. fxe5 Qxe5 13. Qd2 Bxf3 14.
Rxf3 O-O 15. Re1 b4 16. Nce2 Ng4 17. Bf4 Qc5 18. h3 Nf6 19. Be3 Qc7 20. Ng3 Nc6 21. Nxc6 Qxc6 22. Ref1 Rad8 23. Qe2 Nd5 24. Bd4 Bc5 25.
Bxc5 Qxc5+ 26. Kh1 Rc8 27. R1f2 Qc4 28. Qd2 f5 29. Nh5 Rf7 30. Qg5 Qxa2 31. g4 Qxb2 32.
gxf5 Qe5 33. Qd2 Rc3 34. f6 Rxf3 35. Rxf3 Qxh5 36. Rg3 Rxf6 0-1

[Event "*** Titled Tuesday 3|2 Blitz"]
[Site "Chess.com"]
[Date "2015.11.03"]
[Round "8"]
[White "BjarkeSahl"]
[Black "Lupul_Cenusiu"]
[Result "0-1"]
[WhiteElo "2156"]
[BlackElo "2387"]
[TimeControl "180+2"]
[EndTime "12:44:10 PST"]
[Termination "Lupul_Cenusiu won on time"]

1. e4 g6 2. d4 Bg7 3. Nc3 d6 4. h4 h6 5. h5 g5 6. f4 gxf4 7. Bxf4 c6 8. Qd2 Bg4 9. Be2 Qd7 10. O-O-O Na6 11. Kb1 Nc7 12. Rh4 Bxe2 13. Ngxe2 O-O-O 14. Nc1 Nf6 15. Nb3 Ne6 16. Bh2 Ng5 17. Qe2 d5 18. exd5 Nxd5 19. Nc5 Nxc3+ 20. bxc3 Qe8 21. Ka1 Rd5 22.
Qc4 Ne6 23. Nd3 Nxd4 24. Rxd4 Bxd4 25. cxd4 Qd7 26. Ne5 Qe6 27. Nf3 Qg4 28. Rd2 Qxh5 29. Qe2 Re8 30. c4 Ra5 31. d5 e5 0-1

[Event "*** Titled Tuesday 3|2 Blitz"]
[Site "Chess.com"]
[Date "2015.11.03"]
[Round "8"]
[White "Iball95"]
[Black "AndroQueen"]
[Result "1/2-1/2"]
[WhiteElo "2369"]
[BlackElo "2252"]
[TimeControl "180+2"]
[EndTime "12:44:28 PST"]
[Termination "Game drawn by repetition"]

1. e4 e6 2. d4 d5 3. Nd2 Nc6 4. Ngf3 Nf6 5. e5 Nd7 6. Be2 f6 7. exf6 Qxf6 8. Nf1 Bd6 9. Bg5 Qg6 10. Ng3 O-O 11. Be3 Nf6 12. Bd3 Qe8 13. O-O e5 14. dxe5 Nxe5 15. Nxe5 Bxe5 16. c3 Bd6 17. Qc2 c6 18.
Rae1 Qf7 19. Bd4 Kh8 20. Bxf6 gxf6 21. Bf5 Bd7 22. Bxd7 Qxd7 23. Nf5 Rae8 24. g3 Be5 25. Re2 Bc7 26. Rfe1 Rxe2 27. Rxe2 Re8 28. Rxe8+ Qxe8 29. Qd2 Qe4 30. Qh6 Qe1+ 31. Kg2 Qe4+ 32. f3 Qc2+ 33. Kf1 Qd1+ 34. Kg2 Qc2+ 35. Kf1 Qb1+ 36. Kg2 Qc2+ 1/2-1/2

[Event "*** Titled Tuesday 3|2 Blitz"]
[Site "Chess.com"]
[Date "2015.11.03"]
[Round "8"]
[White "Sadovsky_Artem"]
[Black "Oligan22"]
[Result "1-0"]
[WhiteElo "2405"]
[BlackElo "2169"]
[TimeControl "180+2"]
[EndTime "12:44:50 PST"]
[Termination "Sadovsky_Artem won on time"]

1. e4 c5 2. Nf3 e6 3. c4 a6 4. d4 cxd4 5. Nxd4 Qc7 6. Nc3 Nf6 7.
Be2 Bb4 8. f3 d5 9. Qa4+ Nc6 10.
Nxc6 Bxc3+ 11. bxc3 bxc6 12. cxd5 exd5 13. O-O O-O 14. exd5 cxd5 15. Qd4 Be6 16. Bf4 Qc6 17. Rab1 Rfc8 18. Be5 Ne8 19. Rb6 Qd7 20. Bxa6 Rc6 21.
Bb5 Rac8 22. Rxc6 Rxc6 23. a4 f6 24. Bg3 Nc7 25. Bxc7 Qxc7 26. Bxc6 Qxc6 27. a5 Kf7 28. Re1 Bc8 29. Qb6 Qxc3 30. Rd1 Be6 31. a6 Qc2 32. Qd4 Qa2 33. a7 Bh3 34. Qxd5+ Qxd5 35.
Rxd5 Be6 36. Rc5 1-0

[Event "*** Titled Tuesday 3|2 Blitz"]
[Site "Chess.com"]
[Date "2015.11.03"]
[Round "8"]
[White "Viaje"]
[Black "stefanodinn"]
[Result "0-1"]
[WhiteElo "2236"]
[BlackElo "2155"]
[TimeControl "180+2"]
[EndTime "12:44:55 PST"]
[Termination "stefanodinn won by resignation"]

1. d4 d5 2. c4 c6 3. Nf3 Nf6 4. Qc2 g6 5. Bf4 Bg7 6. e3 Bf5 7. Qb3 Qb6 8. Nc3 Nbd7 9. h3 O-O 10. Be2 dxc4 11. Bxc4 Qxb3 12. axb3 Nb6 13. Be2 Be6 14.
Nd2 Nfd5 15. Bh2 f5 16. O-O a6 17. Nc4 Bf7 18. Na5 Ra7 19. Rfc1 Re8 20. Na4 Nxa4 21. Rxa4 e5 22. dxe5 Bxe5 23. Bxe5 Rxe5 24. Bf3 Re7 25. Rd4 Ra8 26. g4 fxg4 27. hxg4 Rae8 28. g5 Kg7 29. Kg2 h6 30. gxh6+ Kxh6 31. Kg3 g5 32. e4 Nf4 33. Rd6+ Kg7 34. Rh1 Bg6 35. Kg4 Bxe4 36. Bxe4 Rxe4 37. f3 R4e6 38. Rd7+ R8e7 39. Rxe7+ Rxe7 40. Kxg5 Nd3 41. Rh2 Re5+ 42. Kg4 Rxa5 43. Rd2 Rd5 44. f4 Ne5+ 45. fxe5 Rxd2 46. Kf5 Kf7 47. e6+ Ke7 48. Ke5 Rxb2 0-1

[Event "*** Titled Tuesday 3|2 Blitz"]
[Site "Chess.com"]
[Date "2015.11.03"]
[Round "8"]
[White "darsen_sanzhaev"]
[Black "cassoulet"]
[Result "1-0"]
[WhiteElo "2278"]
[BlackElo "2265"]
[TimeControl "180+2"]
[EndTime "12:44:58 PST"]
[Termination "darsen_sanzhaev won by resignation"]

1. d4 d5 2. c4 e6 3. Nc3 Nf6 4. cxd5 exd5 5. Bg5 Be7 6. e3 O-O 7. Bd3 Nbd7 8. Nge2 a6 9. O-O Re8 10. Qc2 b6 11.
Rad1 Bb7 12. Bf5 Nf8 13. Bh4 Ne4 14. Bxe7 Qxe7 15. Nxe4 dxe4 16. Rc1 g6 17. Bh3 c6 18. Qb3 b5 19. Rc5 Kg7 20. Ng3 f6 21. Bf5 h5 22. h4 Rad8 23. Bxe4 Ne6 24. Rcc1 c5 25. dxc5 Nxc5 26. Rxc5 Bxe4 27. Rfc1 Rd7 28. Qc3 Bb7 29. Rc7 Red8 30. Ne2 Qe4 31. Nf4 Qe7 32. Qc5 Rxc7 33. Qxc7 Rd1+ 34. Kh2 Rd7 35. Qc5 Qe4 36. f3 Qe8 37. e4 Qb8 38. Kg3 Rf7 39. Rd1 Kh7 40.
Rd6 Qf8 41. Qd4 Qg7 42. Ne6 Qh6 43. Rd7 Qg7 44. Nxg7 1-0

[Event "*** Titled Tuesday 3|2 Blitz"]
[Site "Chess.com"]
[Date "2015.11.03"]
[Round "8"]
[White "Makalexa"]
[Black "1random"]
[Result "0-1"]
[WhiteElo "2085"]
[BlackElo "1956"]
[TimeControl "180+2"]
[EndTime "12:45:24 PST"]
[Termination "1random won by resignation"]

1. e4 c5 2. Nf3 d6 3. d4 cxd4 4. Nxd4 Nf6 5. Nc3 Nc6 6. Bg5 e6 7. Qd2 Bd7 8. O-O-O a6 9. f4 b5 10. Nxc6 Bxc6 11. Bd3 Be7 12. Rhe1 Qb6 13. Bxf6 Bxf6 14. Nd5 Bxd5 15. exd5 e5 16. Bf5 O-O 17. Kb1 g6 18. Bd7 exf4 19. Qxf4 Be5 20. Qh4 a5 21. Bc6 Rac8 22.
Rd3 f5 23. g4 f4 24. Rh3 Rc7 25. Qh6 b4 26. Qg5 Qd4 27. c3 bxc3 28. Rxc3 Bf6 29.
Qh6 Qd2 30. Rec1 Bxc3 31. Rxc3 Qe1+ 32. Rc1 Qe4+ 33. Ka1 f3 34. Qd2 f2 35. Rf1 Qc4 36. Qd1 Re7 37. a4 Re1 38. Rxe1 fxe1=N 39. Bb5 Qe4 40. g5 Nc2+ 41. Ka2 Nb4+ 42. Ka1 Qxd5 43. Qxd5+ Nxd5 44. Bc4 Rf5 45. b4 axb4 46. a5 Kf8 47. a6 Nb6 48.
Bd3 Ra5+ 49. Kb2 Ke7 50. Kb3 Nd5 51. Bc4 Ke6 52. Bxd5+ Kxd5 53. Kxb4 Rxa6 0-1

[Event "*** Titled Tuesday 3|2 Blitz"]
[Site "Chess.com"]
[Date "2015.11.03"]
[Round "8"]
[White "Krutoy123"]
[Black "pKiLz5Rn9b"]
[Result "0-1"]
[WhiteElo "2317"]
[BlackElo "2449"]
[TimeControl "180+2"]
[EndTime "12:45:29 PST"]
[Termination "pKiLz5Rn9b won by resignation"]

1. e4 e6 2. d4 d5 3. Nc3 Nf6 4. Bg5 Be7 5. e5 Nfd7 6. Bxe7 Qxe7 7. f4 a6 8. Nf3 c5 9. Bd3 Nc6 10. Qd2 f6 11. O-O O-O 12. Rae1 cxd4 13. Ne2 fxe5 14. fxe5 Ndxe5 15. Ng5 Rxf1+ 16. Rxf1 Nxd3 17. cxd3 h6 18. Nf3 e5 19. Ng3 Bg4 20. h3 Bxf3 21.
Rxf3 e4 22. Nf5 Qe5 23. Rf1 Rf8 24. Qf2 Rf6 25. g4 e3 26. Qf3 Kh7 27. g5 e2 28.
gxf6 exf1=Q+ 29. Qxf1 Qxf6 30. a3 Ne5 31. Nxd4 Qg6+ 32.
Qg2 Qxd3 33. Ne6 Qd1+ 34. Kh2 Nf3+ 35. Kg3 Qe1+ 36. Kxf3 Qxe6 37. Qd2 Qe4+ 38. Kg3 d4 39. Qb4 Qe5+ 40. Kg2 Qd5+ 41. Kf2 d3 42. Qd2 Qe4 43.
Qa5 Qe2+ 44. Kg3 Qe3+ 45. Kg2 Qg5+ 46. Qxg5 hxg5 47. Kf3 Kg6 48. Ke3 Kh5 49. Kxd3 Kh4 0-1

[Event "*** Titled Tuesday 3|2 Blitz"]
[Site "Chess.com"]
[Date "2015.11.03"]
[Round "8"]
[White "ilmago"]
[Black "kikydu96"]
[Result "0-1"]
[WhiteElo "1916"]
[BlackElo "2239"]
[TimeControl "180+2"]
[EndTime "12:45:31 PST"]
[Termination "kikydu96 won by resignation"]

1. e4 e5 2. Nf3 Nc6 3. c3 d5 4. Bb5 dxe4 5. Nxe5 Qd5 6. Bxc6+ bxc6 7. d4 exd3 8. Nxd3 Ba6 9. Nb4 Bxb4 10. Qxd5 cxd5 11. cxb4 Nf6 12. Bf4 c6 13. Nd2 O-O 14. O-O-O Ng4 15. Bg3 f5 16. f3 Ne3 17. Rdg1 f4 18. Bf2 Rfe8 19. Nb3 Bc4 20. g3 Rab8 21. Nd4 Bxa2 22.
gxf4 Rxb4 23. Bxe3 Rxe3 24. Nf5 Rxf3 25. Rxg7+ Kf8 26.
Rxa7 Rc4+ 27. Kd2 Bb3 28. Ne3 Rcxf4 29. Rb7 Ba4 30. Ra1 Rf2+ 31. Ke1 Rxh2 32. Ra3 Re4 33. b4 d4 34. Rxa4 Rxe3+ 35. Kf1 Rh6 36. Ra8+ Re8 37.
Raa7 Rf6+ 38. Kg2 Rg6+ 39. Kf3 h5 40. Rh7 d3 41. Rad7 Kg8 42. Rxh5 Rf6+ 43. Kg4 Re4+ 44. Kg5 Rfe6 45. Rxd3 R6e5+ 46. Kg6 Rg4+ 47. Kf6 Rxh5 48. Rd8+ Kh7 49. Rd7+ Kh6 50. Rc7 Rg6+ 51. Kf7 0-1

[Event "*** Titled Tuesday 3|2 Blitz"]
[Site "Chess.com"]
[Date "2015.11.03"]
[Round "8"]
[White "StoreySniper"]
[Black "Badouuu"]
[Result "0-1"]
[WhiteElo "2139"]
[BlackElo "1940"]
[TimeControl "180+2"]
[EndTime "12:45:33 PST"]
[Termination "Badouuu won by checkmate"]

1. e4 c5 2. Nf3 Nc6 3. Bb5 d6 4. O-O Bd7 5. Re1 Nf6 6. c3 a6 7. Bf1 e5 8. d4 cxd4 9. cxd4 Bg4 10. dxe5 dxe5 11. Qxd8+ Rxd8 12. Na3 Bxf3 13. gxf3 Nd4 14.
Kg2 Bxa3 15. bxa3 Nc2 16. Bb2 Nxe1+ 17. Rxe1 O-O 18. Bxe5 Nd7 19. Bd6 Rfe8 20. e5 Nf6 21.
Bc7 Rd7 22. Ba5 Nh5 23. Re4 Rd5 24. Bc3 Rc5 25. Bd4 Rd5 26. Bc4 Ra5 27. Bb2 Rc5 28. f4 b5 29. Bb3 a5 30. a4 b4 31.
f5 Nf6 32. Rh4 Nd5 33. Re4 Nc3 34. Bxc3 bxc3 35. e6 fxe6 36. fxe6 Kf8 37. Rf4+ Ke7 38. Rf7+ Kd6 39. Rd7+ Ke5 40. Bc2 Rxe6 41. Rxg7 h6 42. Kg3 Rd6 43. Rg4 Rd2 44. f4+ Kd4 45. f5+ Kd5 46.
Bb3+ Kc6 47. Rg8 c2 48. Rc8+ Kb6 49. Rxc5 Kxc5 50. Bxc2 Rxc2 51. f6 Kd6 52. Kh4 Ke6 53.
Kh5 Kxf6 54. h4 Rc4 55. Kxh6 Rxh4# 0-1

[Event "*** Titled Tuesday 3|2 Blitz"]
[Site "Chess.com"]
[Date "2015.11.03"]
[Round "8"]
[White "PowerThinking2650"]
[Black "sorito"]
[Result "1-0"]
[WhiteElo "2117"]
[BlackElo "2084"]
[TimeControl "180+2"]
[EndTime "12:45:43 PST"]
[Termination "PowerThinking2650 won by resignation"]

1. e4 d6 2. d4 Nf6 3. f3 c6 4.
c4 e5 5. d5 Be7 6. Be3 O-O 7.
Nc3 c5 8. Bd3 Ne8 9. Qc2 a6 10. Nge2 Bh4+ 11. g3 Bg5 12. f4 exf4 13. gxf4 Bh4+ 14. Ng3 Bg4 15. e5 dxe5 16. Bxh7+ Kh8 17.
fxe5 Nd7 18. Qe4 f5 19. Bxf5 Bxf5 20. Qf4 g5 21. Qf3 Bg6 22. Qe2 Nxe5 23. O-O-O Nd6 24. Bxc5 Nexc4 25. b3 Qa5 26. Bd4+ Kh7 27. bxc4 Qa3+ 28. Qb2 Qxb2+ 29. Kxb2 Nxc4+ 30. Kb3 Rac8 31. Rhe1 g4 32. Re6 Rf3 33. d6 Bf7 34. Re4 Nxd6+ 35. Kb2 Bxg3 36. Rxg4 Nc4+ 37. Ka1 Bf4 38. Rg7+ Kh6 39. Rxf7 Nd6 40. Rf6+ Kh5 41. Rg1 Rcxc3 42. Bxc3 Rxc3 43. Rxf4 Rc2 44. Rf8 Nf7 45. Rxf7 Kh6 46. Rf6+ Kh7 47. Rf7+ Kh6 48.
Rxb7 Rxh2 49. Rb8 Kh7 50. Rb2 1-0

[Event "*** Titled Tuesday 3|2 Blitz"]
[Site "Chess.com"]
[Date "2015.11.03"]
[Round "8"]
[White "Dlugy"]
[Black "AleksandrNevski"]
[Result "1-0"]
[WhiteElo "2577"]
[BlackElo "2346"]
[TimeControl "180+2"]
[EndTime "12:45:46 PST"]
[Termination "Dlugy won by resignation"]

1. d4 d5 2. Bf4 Nf6 3. e3 e6 4. c4 Be7 5. Nc3 O-O 6. Nf3 Nbd7 7.
Be2 dxc4 8. Bxc4 c5 9. O-O a6 10. a4 cxd4 11. exd4 Nb6 12. Bd3 Nbd5 13. Bg5 b6 14.
Ne5 Bb7 15. Re1 Nb4 16. Bc4 Nfd5 17. Bd2 Rc8 18. Bb3 Bg5 19. Bxg5 Qxg5 20. Ne4 Qe7 21.
Qh5 Nf4 22. Qg4 Nbd5 23. Ng5 h6 24. Ngf3 f5 25. Qg3 Kh7 26. Bxd5 Nxd5 27. Ng6 Qf6 28. Nxf8+ Rxf8 29. Ne5 Rd8 30. Rac1 a5 31. h3 g5 32. Qd3 h5 33. Qe2 g4 34. hxg4 hxg4 35. Nd3 Re8 36. Qe5 Qh6 37. Qh2 Qxh2+ 38. Kxh2 Kg6 39. Kg1 Kf6 40. f3 g3 41. Re2 Rh8 42. Ne5 Nf4 43.
Rec2 Bd5 44. Re1 Rh2 45. Rec1 Kg5 46. Nd7 Kh6 47. Nxb6 Bxf3 48. gxf3 Nh3+ 49. Kf1 Rh1+ 50. Kg2 Rh2+ 51. Kxg3 1-0

[Event "*** Titled Tuesday 3|2 Blitz"]
[Site "Chess.com"]
[Date "2015.11.03"]
[Round "8"]
[White "TomsKantans"]
[Black "pedromartinez91"]
[Result "1-0"]
[WhiteElo "2343"]
[BlackElo "2209"]
[TimeControl "180+2"]
[EndTime "12:45:58 PST"]
[Termination "TomsKantans won by checkmate"]

1. e4 c5 2. Nf3 Nc6 3. d4 cxd4 4. Nxd4 g6 5. Be3 Bg7 6. Nc3 Nf6 7. Bc4 O-O 8. Bb3 a5 9. f3 d5 10. exd5 Nb4 11. O-O Nbxd5 12. Nxd5 Nxd5 13. Bf2 a4 14. Bc4 a3 15. bxa3 Nb6 16. Bb3 Rxa3 17. c3 Ra5 18. Qe2 Bd7 19. Rfd1 e5 20. Nc2 Qc7 21. Qe3 Na4 22.
Nb4 Bc6 23. c4 Nc5 24. Rac1 b6 25. Nd5 Qb7 26. h4 h5 27. Rc2 Rfa8 28. Be1 Ra3 29. Bb4 R3a6 30. Bxc5 bxc5 31. Qxc5 R6a7 32. Re2 Kh8 33. Kh2 Rc8 34. Qe3 Qb8 35. g3 Re8 36. Kg2 Bd7 37. Qg5 e4 38. Rxe4 Rxe4 39. fxe4 Bg4 40.
Rd2 Qe8 41. Qf4 Be5 42. Qf2 Ra6 43. c5 Re6 44. Ne3 Rc6 45. Nxg4 hxg4 46. Bd5 Ra6 47. c6 Ra3 48. Bb3 Qxc6 49. Qxf7 Qxe4+ 50. Kh2 Rxb3 51. Rd8# 1-0

[Event "*** Titled Tuesday 3|2 Blitz"]
[Site "Chess.com"]
[Date "2015.11.03"]
[Round "8"]
[White "Fandorine"]
[Black "Izoria123"]
[Result "0-1"]
[WhiteElo "2520"]
[BlackElo "2437"]
[TimeControl "180+2"]
[EndTime "12:46:04 PST"]
[Termination "Izoria123 won by resignation"]

1. e4 c6 2. d4 d5 3. e5 Bf5 4. h4 h5 5. Bd3 Bxd3 6. Qxd3 e6 7. Bg5 Be7 8. Nf3 Nh6 9. Nc3 Nf5 10. Ne2 Qa5+ 11.
c3 Qa6 12. Qc2 Nd7 13. b4 Nb6 14. a4 Nc4 15. Ng3 g6 16. O-O Qb6 17. Qc1 Qd8 18. Nxf5 gxf5 19. g3 Kd7 20. b5 Rc8 21. Rb1 Rc7 22. bxc6+ Kxc6 23. Rb3 b6 24. Qf4 Kb7 25.
Kg2 Na5 26. Rb5 Rxc3 27. Rfb1 Ka8 28. Qd2 Rc4 29. Bf6 Bxf6 30. exf6 Qxf6 31. Ne5 Rc7 32. Rc1 Rhc8 33. Rxc7 Rxc7 34. Qe2 Nc4 35. a5 Nxa5 36. Qxh5 Nc4 37. Nf3 Kb7 38. Qh7 f4 39. g4 Qg6 40.
Qxg6 fxg6 41. Rb1 a5 42. Re1 b5 43. Rxe6 b4 44. Ne1 b3 45. Nd3 a4 46. Re1 a3 47.
Ra1 b2 48. Re1 Rh7 49. Kh3 Kc6 50. h5 gxh5 51. g5 Kb5 52. Kh4 Ka4 53. g6 Rg7 54.
Kxh5 Nd2 55. Re8 b1=Q 56. Nc5+ Kb5 57. Rb8+ Kc4 58. Rxb1 Nxb1 59. Kh6 Rxg6+ 60. Kxg6 a2 61. Kf5 a1=Q 62. Ne6 Nd2 63. Kxf4 Qb1 64. f3 Nb3 65. Ke5 Nxd4 66. Nxd4 Qa1 0-1